 Dungeon Crawl Stone Soup version 0.20.0-15-g7f486f2 (webtiles) character file.

178 Chiseanne the Magician (level 5, 35/35 HPs)
             Began as a Demonspawn Wizard on June 15, 2017.
             Was an Initiate of Vehumet.
             Quit the game on level 3 of the Dungeon.
             The game lasted 00:05:42 (3148 turns).

Chiseanne the Magician (Demonspawn Wizard)          Turns: 3148, Time: 00:05:43

Health: 35/35      AC:  3    Str:  8    XL:     5   Next: 32%
Magic:  3/11       EV: 12    Int: 23    God:    Vehumet [......]
Gold:   104        SH:  0    Dex: 11    Spells: 4/13 levels left

rFire    + . .     SeeInvis .   s - +2 short sword (freeze)
rCold    . . .     Gourm    .   (no shield)
rNeg     . . .     Faith    .   a - +0 robe
rPois    .         Spirit   .   b - +1 hat
rElec    .         Reflect  .   (no cloak)
rCorr    .         Harm     .   (no gloves)
MR       .....                  (no boots)
Stlth    ++........             (no amulet)
Regen    0.2/turn               h - ring of protection from fire
MPRegen  0.2/turn               l - +3 ring of intelligence

@: no status effects
A: rot immunity, sturdy frame 1
a: Renounce Religion


You were on level 3 of the Dungeon.
You worshipped Vehumet.
Vehumet was noncommittal.
You were very hungry.

You visited 1 branch of the dungeon, and saw 3 of its levels.

You collected 104 gold pieces.

Inventory:

Hand Weapons
 s - a +2 short sword of freezing (weapon)
Missiles
 c - 15 bolts
 f - 25 stones (quivered)
 m - 12 sling bullets
 n - 58 arrows
Armour
 a - a +0 robe (worn)
 b - a +1 hat (worn)
Jewellery
 h - a ring of protection from fire (left hand)
 l - a +3 ring of intelligence (right hand)
Wands
 t - a wand of digging (18/24)
 v - a wand of confusion (16/48)
Scrolls
 u - a scroll of remove curse
Potions
 e - a potion of might {unknown}
 i - a potion of curing {unknown}
 j - a potion of heal wounds {unknown}
 k - a potion of magic {unknown}
 o - 2 potions of resistance
 p - a potion of brilliance {unknown}
 q - a potion of flight {unknown}
Comestibles
 d - 2 bread rations
 g - 2 meat rations
 r - 2 royal jellies


   Skills:
 - Level 1.7 Dodging
 - Level 1.7 Stealth
 * Level 4.5 Spellcasting
 * Level 3.7 Conjurations
   Level 1.0 Summonings
 - Level 0.8 Translocations


You had 4 spell levels left.
You knew the following spells:

 Your Spells              Type           Power        Failure   Level  Hunger
a - Magic Dart            Conj           ###.         2%          1    None
b - Blink                 Tloc           N/A          11%         2    None
c - Conjure Flame         Conj/Fire      ##......     14%         3    ##.....
d - Mephitic Cloud        Conj/Pois/Air  ##......     19%         3    ##.....


Dungeon Overview and Level Annotations

Branches:
Dungeon (3/15)

Altars:
Dithmenos
Kikubaaqudgha
Vehumet


Innate Abilities, Weirdness & Mutations

You are immune to rotting.
Your movements are slightly less encumbered by armour. (ER -2)


Message History

Aiming: Mephitic Cloud
Press: ? - help, Shift-Dir - straight line The ball explodes into a vile cloud!
The stinking cloud engulfs the sky beast.
The sky beast is moderately wounded.
The sky beast is engulfed in noxious fumes.
You miss the sky beast.
The sky beast is moderately wounded.
The sky beast is engulfed in blazing flames.
The sky beast misses you.
You barely miss the sky beast.
The sky beast is almost dead.
The sky beast is engulfed in blazing flames.
You kill the sky beast!
Vehumet accepts your kill.
You have reached level 5!
Your demonic ancestry asserts itself...
You feel less encumbered by your armour.
Your magical contamination has completely faded away.
Are you sure you want to abandon this character and quit the game? (Confirm with "yes".)

###### ..... † ....# #.#
..... .... ##.# .....##.#
#########............
#...@............##.#
#.#######..)...†....# #.#
.......#...# #.# ###.....
##Y.. ###.#####....#
..###..#
#....#.......###..#..##
##.#.##.##.....##.....##
#####...###.##..............
............##...##.........


There were no monsters in sight!

Vanquished Creatures
  A sky beast (D:3)
  2 adders
  An ooze (D:1)
  2 worms (D:3)
  4 dart slugs
  An orc (D:3)
  3 bats
  3 giant cockroaches
  6 goblins
  3 hobgoblins
  4 jackals (D:2)
  8 kobolds
  3 quokkas (D:3)
  2 frilled lizards (D:1)
  4 rats
47 creatures vanquished.

Notes
Turn   | Place    | Note
-------+----------+-------------------------------------------
     0 | D:1      | Chiseanne the Demonspawn Wizard began the quest for the Orb.
     0 | D:1      | Reached XP level 1. HP: 13/13 MP: 4/4
   326 | D:1      | Gained mutation: You are immune to rotting. [demonic ancestry]
   326 | D:1      | Reached XP level 2. HP: 10/19 MP: 0/6
   556 | D:1      | Learned a level 2 spell: Blink
  1376 | D:2      | Reached XP level 3. HP: 21/24 MP: 2/8
  2271 | D:3      | Noticed a sky beast
  2275 | D:3      | Found an ancient bone altar of Kikubaaqudgha.
  2536 | D:3      | Learned a level 3 spell: Conjure Flame
  2540 | D:3      | Learned a level 3 spell: Mephitic Cloud
  2602 | D:3      | Found a radiant altar of Vehumet.
  2610 | D:3      | Became a worshipper of Vehumet
  2732 | D:3      | Reached XP level 4. HP: 30/30 MP: 6/9
  2735 | D:3      | Reached skill level 4 in Spellcasting
  2799 | D:3      | Found a shadowy altar of Dithmenos.
  3120 | D:3      | Killed a sky beast
  3120 | D:3      | Gained mutation: Your movements are slightly less encumbered by armour. (ER -2) [demonic ancestry]
  3120 | D:3      | Reached XP level 5. HP: 35/35 MP: 0/11
  3148 | D:3      | Quit the game

Skill      XL: |  1  2  3  4 |
---------------+-------------+-----
Conjurations   | 2 3 |  3.7
Spellcasting   | 4 |  4.5
Dodging        | |  1.7
Stealth        | |  1.7
Summonings     | |  1.0
Translocations | |  0.8

Action                   |  1- 3 |  4- 6 || total
-------------------------+-------+-------++-------
Melee: Dagger            |    20 |       ||    20
       Short sword       |    29 |    13 ||    42
 Cast: Magic Dart        |    80 |    19 ||    99
       Blink             |     1 |       ||     1
       Mephitic Cloud    |       |     3 ||     3
       Conjure Flame     |       |     2 ||     2
  Use: Scroll            |     6 |     1 ||     7
 Stab: Confused          |       |     2 ||     2
  Eat: Chunk             |     5 |     1 ||     6
Armor: Robe              |    11 |     3 ||    14
Dodge: Dodged            |    34 |    11 ||    45
